Unix NetHack Version 5.0.0-0 post-release - last build May 31 2026 23:59:36 (970b52f25bf058293b47ddfd14a1e40e571c508c,branch:main).

Game began 2026-06-07 14:33:49, ended 2026-06-07 14:38:32.

DaveT, lawful male human Priest

           -----
           |...|
           |..<.
           |...|
           --|--
             #
             ###
               #   #
               #####
      ------------.--
      |.............|
      |{............| ##
      |..............###
      |.............|  @
      |.............| ##B
      ---------------

DaveT the Acolyte            St:12 Dx:15 Co:10 In:12 Wi:18 Ch:9  Lawful
Dlvl:4  $:76 HP:0(21) Pw:38(38) AC:4  Xp:3 T:1119  Satiated Burdened

Latest messages:
 You see here a broken chest.
 You have a little trouble removing $ - 36 gold pieces (69 in total).
 u - a food ration (2 in total).
 You fall down the stairs.
 You see here 7 gold pieces.
 You have a little trouble lifting $ - 7 gold pieces (76 in total).
 You climb up the stairs.
 That door is closed.
 The door opens.
 You see here a cram ration.
 You have a little trouble lifting B - a cram ration.
 You see here a cloudy potion.
 You have a little trouble lifting C - a cloudy potion.
 You see here a golden potion.
 You have a little trouble lifting D - a golden potion.
 What do you want to drink? [dACD or ?*] ?
 You start to float in the air!
 Your movements are now unencumbered.
 What do you want to drink? [dAD or ?*] D
 Wow!  This makes you feel good!
 Call a golden potion: restore ability
 You find a hidden passage.
 You are floating high above the stairs.
 You float slightly lower.
 You stop waiting.
 You wobble unsteadily in the air.
 You stop waiting.
 You float gently to the stairs.
 Your movements are slowed slightly because of your load.
 You fall down the stairs.
 The door resists!
 The door resists!
 The door opens.
 The jackal misses!
 You kill the jackal!
 You see here a jackal corpse.
 There is a jackal corpse here; eat it? [ynq] (n) y
 Blecch!  Rotten food!
 You finish eating the jackal corpse.
 The giant bat bites!
 You miss the giant bat.
 The giant bat bites!
 The giant bat bites!
 The giant bat bites!
 The giant bat bites!
 You hit the giant bat!
 The giant bat bites!
 You die...
 Do you want your possessions identified? [ynq] (y) y
 Do you want to see your attributes? [ynq] (y) q

Inventory:
 Coins    ('$')
  $ - 76 gold pieces
 Weapons  (')')
  w - a +0 boomerang
  x - 4 +0 daggers
  l - a +0 orcish dagger
  a - a blessed +1 mace (weapon in right hand)
  p - a +0 mace
  i - a cursed -2 scimitar
 Armor    ('[')
  m - a +0 orcish helm (being worn)
  c - a +0 small shield (being worn)
  o - a cursed -1 cloak of invisibility
  b - a +0 robe (being worn)
  n - a +0 leather armor (being worn)
 Comestibles  ('%')
  s - a slime mold
  e - 2 cloves of garlic
  B - a cram ration
  u - 2 food rations
  y - a fortune cookie
  f - 2 sprigs of wolfsbane
  t - a tripe ration
 Spellbooks  ('+')
  g - a spellbook of detect monsters
  h - a spellbook of remove curse
 Potions  ('!')
  A - a cursed potion of fruit juice
  d - 4 potions of holy water
 Rings    ('=')
  r - a +3 ring of adornment
 Gems/Stones  ('*')
  j - a worthless piece of blue glass
  q - a worthless piece of red glass
  k - 2 worthless pieces of violet glass

DaveT the Priest's attributes:

Background:
 You were an Acolyte, a level 3 human Priest.
 You were lawful, nominally on a mission for Issek
 who was opposed by Mog (neutral) and Kos (chaotic).
 You were right-handed.
 You were in the Dungeons of Doom, on level 4.
 You entered the dungeon 1119 turns ago.
 You had 58 experience points, 22 more were needed to attain level 4.

Basics:
 You had 0 out of 21 hit points.
 You had all 38 energy points (spell power).
 Your armor class was 4.
 Your wallet contained 76 zorkmids.
 Autopickup was off.

Final Characteristics:
 Your strength was 12 (limit:18/100).
 Your dexterity was 15 (limit:18).
 Your constitution was 10 (limit:18).
 Your intelligence was 12 (limit:18).
 Your wisdom was 18 (limit:18).
 Your charisma was 9 (limit:18).

Final Status:
 You were satiated.
 You were burdened; movement was slightly slowed.
 You were wielding a mace.
 You had basic skill with mace.

Final Attributes:
 You were devoutly aligned.
 You were telepathic.
 You were guarded.
 Your spell casting was enhanced by wearing a robe.
 You are dead.

Miscellaneous:
 You didn't encounter any bones levels.
 Total elapsed playing time was 4 minutes and 40 seconds.

Major events:
 Turn
    1: DaveT the lawful human Priest entered the dungeon
  658: entered the Gnomish Mines
  688: attained the rank of Acolyte (level 3)
 1119: killed by a giant bat

Spells:
 Name                 Level Category     Fail Retention
 detect monsters        1   divination     0%  76%-100%
 remove curse           3   clerical       0%  91%-100%

Skills:
 Fighting Skills
   bare handed combat [Unskilled]
 Weapon Skills
   club               [Unskilled]
   mace               [Basic]
   morning star       [Unskilled]
   flail              [Unskilled]
   hammer             [Unskilled]
   quarterstaff       [Unskilled]
   polearms           [Unskilled]
   spear              [Unskilled]
   trident            [Unskilled]
   lance              [Unskilled]
   bow                [Unskilled]
   sling              [Unskilled]
   crossbow           [Unskilled]
   dart               [Unskilled]
   shuriken           [Unskilled]
   boomerang          [Unskilled]
   unicorn horn       [Unskilled]
 Spellcasting Skills
   healing spells     [Unskilled]
   divination spells  [Unskilled]
   clerical spells    [Basic]

Voluntary challenges:
 Character rerolling was not enabled.
 You were an atheist.
 You were illiterate.
 You never genocided any monsters.
 You never polymorphed an object.
 You never changed form.
 You used no wishes.
Achievements:
 You entered the Gnomish Mines.
 You attained the rank of Acolyte.

 The Dungeons of Doom: levels 1 to 4
    Level 1:
       A fountain.
    Level 2:
       Some fountains.
    Level 3:
       Stairs down to The Gnomish Mines.
    Level 4: <- You were here.
       A fountain.
       Final resting place for
          you, killed by a giant bat.
 The Gnomish Mines:
    Level 4:


Vanquished creatures:
  a gnome leader
  2 gnomes
  2 geckos
  6 jackals
  a fox
  a goblin
  a sewer rat
  a grid bug
  4 lichens
  a newt
20 creatures vanquished.

No species were genocided or became extinct.

Game over:
                       ----------
                      /          \
                     /    REST    \
                    /      IN      \
                   /     PEACE      \
                  /                  \
                  |      DaveT       |
                  |      76 Au       |
                  |   killed by a    |
                  |    giant bat     |
                  |                  |
                  |                  |
                  |       2026       |
                 *|     *  *  *      | *
        _________)/\\_//(\/(/\)/\//\/|_)_______

Goodbye DaveT the Priest...

You died in The Dungeons of Doom on dungeon level 4 with 461 points,
and 76 pieces of gold, after 1119 moves.
You were level 3 with a maximum of 21 hit points when you died.

